 Dungeon Crawl Stone Soup version 0.25.0-37-gb73750e0fb (webtiles) character file.

Game seed: 11742867191114841373

10533 Ijustatesigmund the Cleaver (level 11, -7/81 HPs)
             Began as an Octopode Gladiator on July 8, 2020.
             Was a High Priest of Cheibriados.
             Mangled by a green death (14 damage)
             ... in a Gauntlet.
             The game lasted 00:25:31 (15172 turns).

Ijustatesigmund the Cleaver (Octopode Gladiator)   Turns: 15172, Time: 00:25:32

Health: -7/81      AC:  2    Str: 32    XL:     11   Next: 63%
Magic:  17/17      EV: 18    Int: 22    God:    Cheibriados [*****.]
Gold:   615        SH:  8    Dex: 27    Spells: 10/10 levels left

rFire    . . .     SeeInvis +   a - +2 war axe (flame)
rCold    . . .     Gourm    .   u - +1 buckler
rNeg     + + .     Faith    +   b - +1 hat
rPois    .         Spirit   .   z - amulet of Las Tar {Faith rN+ Str+4}
rElec    .         Reflect  .   y - ring of see invisible
rCorr    .         Harm     .   E - ring of positive energy
MR       .....     NoTele   +   (no ring)
Stlth    ++++......             (no ring)
HPRegen  0.23/turn              (no ring)
MPRegen  0.15/turn              (no ring)
                                (no ring)
                                (no ring)

@: lethally poisoned (-7 -> -14), weakened, very slow
A: almost no armour, stealthy swim, amphibious, 8 rings, constrict 8, camouflage
1, gelatinous body 1
a: Bend Time, Temporal Distortion, Slouch, Step From Time, Renounce Religion


You were in a Gauntlet.
You worshipped Cheibriados.
Cheibriados was extremely pleased with you.
You were not hungry.

You visited 2 branches of the dungeon, and saw 12 of its levels.
You also visited: Sewer and Gauntlet.

You collected 615 gold pieces.

Inventory:

Hand Weapons
 a - a +2 war axe of flaming (weapon)
Missiles
 c - 3 throwing nets (quivered)
Armour
 b - a +1 hat (worn)
 u - a +1 buckler (worn)
Jewellery
 t - an uncursed amulet of the acrobat {unknown}
 y - a ring of see invisible (left tentacle)
 z - the amulet of Las Tar (around mantle) {Faith rN+ Str+4}
   (You found it on level 6 of the Dungeon)

   [amulet of faith]

   It allows you to gain divine favour quickly.
   It affects your strength (+4).
   It protects you from negative energy.
 E - a ring of positive energy (right tentacle)
Wands
 h - a wand of paralysis (5)
 j - a wand of digging (4)
 o - a wand of flame (6)
 B - a wand of polymorph (20)
Scrolls
 e - 9 scrolls of remove curse
 k - 6 scrolls of teleportation
 m - a scroll of magic mapping
 n - a scroll of fear
 v - a scroll of immolation
 w - 2 scrolls of amnesia
 A - a scroll of identify
 D - 2 scrolls of enchant armour
Potions
 f - 3 potions of flight
 g - a potion of magic
 i - 4 potions of curing
 l - 2 potions of brilliance
 p - a potion of resistance
 q - a potion of lignification
 r - a potion of cancellation
 s - 2 potions of stabbing
Comestibles
 d - 15 rations


   Skills:
 + Level 10.3 Fighting
 + Level 10.5 Axes
 - Level 2.0 Throwing
 - Level 5.0 Dodging
 + Level 3.5 Stealth
 - Level 4.6 Shields
 + Level 8.2 Invocations
 - Level 4.7 Evocations


You had 10 spell levels left.
You didn't know any spells.
Your spell library was empty.

Dungeon Overview and Level Annotations

Branches:
Dungeon (11/15)            Temple (1/1) D:5            Lair (0/6) D:11
    Orc (0/2) D:9           Sewer (visited)         Gauntlet (1/1)

Altars:
Ashenzari
Cheibriados
Dithmenos
Elyvilon
Fedhas
Gozag
Hepliaklqana
Kikubaaqudgha
Makhleb
Nemelex Xobeh
Okawaru
Qazlal
Ru
Sif Muna
Trog
Uskayaw
Vehumet
Wu Jian
Xom
Yredelemnul
Zin
The Shining One

Annotations:
Gauntlet 6 transporters, 17 runed translucent doors


Innate Abilities, Weirdness & Mutations

You cannot wear most types of armour.
You are very stealthy in the water. (Stealth+)
You are amphibious.
You can wear up to eight rings at the same time.
You can use your tentacles to constrict eight enemies at once.
Your skin changes colour to match your surroundings (Stealth+).
Your rubbery body absorbs attacks. (AC +1, EV +1)


Message History

t - a large emerald amulet The orange demon stings you from afar.
The green death gestures at you. The bolt of poison hits you!!
You are poisoned.
* * * LOW HITPOINT WARNING * * *
The orange demon completely misses you. You block the orange demon's attack.
You feel sick. The orange demon misses you.
The orange demon hits you but does no damage.
The green death hits you.
* * * LOW HITPOINT WARNING * * *
The orange demon completely misses you. The orange demon closely misses you.
The orange demon hits you.
* * * LOW HITPOINT WARNING * * *
You feel as though you will be weak longer.
There is a transporter here.
You enter the transporter and appear at another place.
* * * LOW HITPOINT WARNING * * *
You feel sick. The green death hits you!
You die...

##..#...+..+..#..
#≈..#$.##++#++#.. #
##..#..'...+..### #.
#≈..#§.'...#.©#©© #.
##..#..'...'..### #..
#§..#)4##++#++#..
#..###..#...+..+..#..
#..2.#..#...+..+..#..
##...@#..###########..
#.....4.#...............
####....#.∩.............
#...©#..#########..##
#....#..#Z.Z....#..#5
#..###..#?##.##.#..#5
#.. #§..##..#..#####.
#.. ##..#©##©##.#©©#©
#≈..##..#..#####.


You could see a green death, 2 orange demons, a redback zombie (wandering) and a
centaur warrior zombie (wandering).

Vanquished Creatures
  A two-headed ogre (D:7)
  A sixfirhy (Gauntlet)
  An ugly thing (D:11)
  A centaur skeleton (D:10)
  A queen bee (Gauntlet)
  2 trolls (D:10)
  2 hippogriffs
  A wyvern (D:10)
  A spriggan (D:9)
  Eustachio (D:6)
  8 yaks (D:10)
  2 hungry ghosts
  2 basilisks
  3 water moccasins
  A swamp drake (D:9)
  Duvessa (D:5)
  An ice beast (D:9)
  8 orc warriors
  A sky beast (D:9)
  3 phantoms
  5 ogres
  A centaur (D:7)
  A big kobold (Sewer)
  8 bullfrogs
  A gnoll sergeant (D:4)
  Dowan (D:5)
  4 scorpions
  9 killer bees
  5 wights
  3 electric eels (D:9)
  2 howler monkeys (D:9)
  5 crimson imps
  A centaur zombie (D:6)
  5 hounds
  6 jellies
  A gnoll shaman (D:4)
  2 orc priests (D:9)
  3 bullfrog zombies
  2 bullfrog skeletons (D:5)
  An iguana (D:7)
  12 orc wizards
  6 worker ants
  A hound zombie (D:7)
  10 gnolls
  A howler monkey skeleton (D:6)
  11 adders
  2 river rats (Sewer)
  4 shadow imps
  4 ufetubi (Gauntlet)
  An ooze (D:2)
  2 adder skeletons
  2 worms
  9 dart slugs (D:3)
  2 leopard geckos
  45 orcs
  3 giant cockroaches
  8 goblins
  6 hobgoblins
  11 jackals
  7 kobolds
  5 quokkas
  7 bats
  A jackal skeleton (D:6)
  A leopard gecko skeleton (D:7)
  A quokka zombie (D:5)
  11 rats
281 creatures vanquished.

Vanquished Creatures (others)
  2 fungi (D:11)
2 creatures vanquished.

Grand Total: 283 creatures vanquished

Notes
Turn   | Place    | Note
-------+----------+-------------------------------------------
     0 | D:1      | Ijustatesigmund the Octopode Gladiator began the quest for
                  | the Orb.
     0 | D:1      | Reached XP level 1. HP: 14/14 MP: 1/1
   620 | D:1      | Reached XP level 2. HP: 20/20 MP: 2/2
  1210 | D:2      | Found a white marble altar of Elyvilon.
  1241 | D:2      | Reached XP level 3. HP: 19/25 MP: 3/3
  1711 | D:2      | Reached XP level 4. HP: 21/31 MP: 4/4
  2105 | D:3      | Found a glowing drain.
  2124 | D:3      | Reached XP level 5. HP: 12/37 MP: 5/5
  2135 | Sewer    | Entered a sewer
  2638 | Sewer    | Noticed a big kobold
  2653 | Sewer    | Killed a big kobold
  2653 | Sewer    | Reached skill level 5 in Axes
  2653 | Sewer    | Reached XP level 6. HP: 42/44 MP: 6/6
  2675 | Sewer    | Found a white marble altar of Elyvilon.
  3231 | D:3      | Found a radiant altar of Vehumet.
  4029 | D:4      | Found a shadowy altar of Dithmenos.
  4032 | D:4      | Reached skill level 5 in Fighting
  4064 | D:4      | Noticed a phantom
  4083 | D:4      | Killed a phantom
  4083 | D:4      | Reached XP level 7. HP: 26/50 MP: 7/7
  4461 | D:5      | Entered Level 5 of the Dungeon
  6396 | D:5      | Reached XP level 8. HP: 46/58 MP: 8/8
  6964 | D:5      | Noticed Duvessa
  6964 | D:5      | Noticed Dowan
  6971 | D:5      | Killed Dowan
  6999 | D:5      | Killed Duvessa
  6999 | D:5      | Reached skill level 1 in Shields
  7321 | D:5      | Found a staircase to the Ecumenical Temple.
  7380 | D:5      | Found a stormy altar of Qazlal.
  7542 | Temple   | Entered the Ecumenical Temple
  7593 | Temple   | Became a worshipper of Cheibriados the Contemplative
  8161 | D:6      | Got a vibrating lead amulet
  8162 | D:6      | Identified the amulet of Las Tar {Faith rN+ Str+4} (You
                  | found it on level 6 of the Dungeon)
  8191 | D:6      | Reached skill level 1 in Invocations
  8440 | D:6      | Noticed Eustachio
  8447 | D:6      | Killed Eustachio
  8510 | D:6      | Reached XP level 9. HP: 17/64 MP: 10/10
  8776 | D:6      | Reached * piety under Cheibriados
  9572 | D:7      | Found a white marble altar of Elyvilon.
  9572 | D:7      | Found an iron altar of Okawaru.
  9808 | D:7      | Reached ** piety under Cheibriados
 10684 | D:7      | Found a hide-covered altar of Uskayaw.
 10985 | D:8      | Noticed a two-headed ogre
 11228 | D:7      | Killed a two-headed ogre
 11228 | D:7      | Reached skill level 5 in Invocations
 11228 | D:7      | Reached XP level 10. HP: 53/73 MP: 12/14
 11617 | D:8      | Reached *** piety under Cheibriados
 12067 | D:9      | Found a shimmering altar of Xom.
 12446 | D:9      | Reached **** piety under Cheibriados
 12703 | D:9      | Found a sparkling altar of Nemelex Xobeh.
 13135 | D:9      | Found a staircase to the Orcish Mines.
 13352 | D:10     | Entered Level 10 of the Dungeon
 13370 | D:10     | Reached XP level 11. HP: 37/80 MP: 16/16
 13588 | D:10     | Reached ***** piety under Cheibriados
 13618 | D:10     | Reached skill level 10 in Axes
 14222 | D:10     | Noticed a two-headed ogre
 14471 | D:10     | Reached skill level 5 in Dodging
 14622 | D:10     | Reached skill level 10 in Fighting
 14799 | D:11     | Reached skill level 1 in Stealth
 14822 | D:11     | Found a hazy altar of Hepliaklqana.
 14827 | D:11     | Noticed a white ugly thing
 14828 | D:11     | Found a gate leading to a gauntlet.
 14834 | D:11     | Killed a white ugly thing
 14846 | Gauntlet | Entered a Gauntlet
 14846 | Gauntlet | Found a transporter.
 14846 | Gauntlet | Found a transporter.
 14846 | Gauntlet | Found a transporter.
 14847 | Gauntlet | Found a transporter.
 14849 | Gauntlet | Found a transporter.
 14851 | Gauntlet | Found a transporter.
 14853 | Gauntlet | Noticed a sixfirhy
 14857 | Gauntlet | Noticed a sixfirhy
 14858 | Gauntlet | Found a transporter.
 14859 | Gauntlet | Found a transporter.
 14860 | Gauntlet | Found a transporter.
 14862 | Gauntlet | Found a transporter.
 14862 | Gauntlet | Found a large runed translucent door.
 14863 | Gauntlet | Found a large runed translucent door.
 14864 | Gauntlet | Found a large runed translucent door.
 14864 | Gauntlet | Found a large runed translucent door.
 14864 | Gauntlet | Found a runed translucent door.
 14865 | Gauntlet | Found a large runed translucent door.
 14866 | Gauntlet | Found a large runed translucent door.
 14867 | Gauntlet | Found a large runed translucent door.
 14867 | Gauntlet | Found a large runed translucent door.
 14868 | Gauntlet | Found a runed translucent gate.
 14868 | Gauntlet | Found a runed translucent gate.
 14869 | Gauntlet | Noticed a green death
 14869 | Gauntlet | Noticed a death drake
 14870 | Gauntlet | Found a transporter.
 14870 | Gauntlet | Found a transporter.
 14963 | Gauntlet | Found a runed translucent door.
 14967 | Gauntlet | Found a runed translucent gate.
 14979 | Gauntlet | Found a large runed translucent door.
 14979 | Gauntlet | Found a large runed translucent door.
 14980 | Gauntlet | Found a large runed translucent door.
 14981 | Gauntlet | Found a large runed translucent door.
 14991 | Gauntlet | Found a large runed translucent door.
 14991 | Gauntlet | Found a large runed translucent door.
 14992 | Gauntlet | Found a large runed translucent door.
 14993 | Gauntlet | Found a large runed translucent door.
 15083 | Gauntlet | Killed a sixfirhy
 15172 | Gauntlet | Mangled by a green death

Illustrated notes

Levels and vault maps discovered:
D:1:      lightli_arrival_statuegarden, layout_loops_ring
D:2:      layout_basic, minivault_19, elyvilon_altar_5
D:3:      kennysheep_slugbush, layout_basic, lemuel_round_altar,
          gup_sewer_entry_glass, first_ration, kennysheep_generic_room_14
D:4:      layout_loops_ring, grunt_dithmenos_shadows
D:5:      layout_rooms, marbit_many_paths,
          minmay_temple_entry_statues_fountains, uniq_duvessa
D:6:      layout_basic, uniq_eustachio
D:7:      layout_basic, lemuel_coloured_pillars_altar,
          gammafunk_temple_overflow_pools, minmay_fractal_squares_5
D:8:      layout_gridville
D:9:      layout_basic, nicolae_overflow_crystal_walls, erik_orc_1,
          serial_bayou, serial_bayou_lagoon_a, serial_bayou_pond_b,
          serial_bayou_pond_d, serial_bayou_shore_b, the_bakery,
          nrook_mini_vaults, nemelex_lonely_heart_becter
D:10:     layout_loops_cross
D:11:     layout_basic, grunt_lair_entry_orc_guard_hut, basic_altar,
          gauntlet_entry_generic
Temple:   eino_wide_crystal_templ
Gauntlet: minmay_gauntlet_mixed_big_or_small
          [nicolae_gauntlet_arena_flowing_pool,
          minmay_gauntlet_arena_77_tiled_triplets,
          gammafunk_gauntlet_arena_teeth, minmay_gauntlet_arena_77_mirror,
          minmay_gauntlet_arena_make_your_own_arena,
          minmay_gauntlet_arena_77_braids, gauntlet_exit_spiral]

Skill      XL: |  1  2  3  4  5  6  7  8  9 10 11 |
---------------+----------------------------------+-----
Fighting       | 3 4 5 6 7 8 9 10 | 10.3
Axes           | 4 5 6 7 9 10 | 10.5
Shields        | 3 4 |  4.6
Invocations    | 2 5 6 8 |  8.2
Evocations     | 2 4 |  4.7
Dodging        | 4 5 |  5.0
Stealth        | 3 |  3.5
Throwing       | |  2.0

Action                   |  1- 3 |  4- 6 |  7- 9 | 10-12 || total
-------------------------+-------+-------+-------+-------++-------
Melee: War axe           |    52 |   100 |   218 |   205 ||   575
       Constrict         |    17 |    26 |    59 |    36 ||   138
       Tentacles         |     7 |    13 |    58 |    80 ||   158
Throw: Throwing net      |       |     1 |     1 |     3 ||     5
Invok: Slouch            |       |       |       |     3 ||     3
Evoke: Wand              |       |       |     8 |     6 ||    14
  Use: Scroll            |     7 |     5 |    13 |     4 ||    29
       Potion            |       |     5 |     3 |     4 ||    12
 Stab: Sleeping          |     3 |     8 |     5 |     6 ||    22
       Distracted        |       |       |     2 |     2 ||     4
       Paralysed         |       |       |       |     2 ||     2
       Invisible         |       |       |       |     3 ||     3
  Eat: Chunk             |     2 |     4 |    11 |     9 ||    26
       Ration            |       |     1 |     2 |     1 ||     4
Armor: Skin              |     7 |     7 |    12 |    11 ||    37
Dodge: Dodged            |    38 |    60 |   167 |   150 ||   415
Block: Buckler           |       |       |    38 |    65 ||   103
